 Dungeon Crawl Stone Soup version 0.16-a0-4088-g7c8221e (webtiles) character file.

114 adozu the Grave Robber (level 4, 0/30 HPs)
             Began as a Demonspawn Necromancer on Feb 23, 2015.
             Slain by an orc wizard
             ... wielding a +0 dagger
              (6 damage)
             ... on level 4 of the Dungeon.
             The game lasted 00:18:03 (3273 turns).

adozu the Grave Robber (Demonspawn Necromancer)     Turns: 3273, Time: 00:18:04

Health: 0/30       AC:  4    Str:  8    XL:     4   Next: 67%
Magic:  6/9        EV: 12    Int: 18    God:
Gold:   199        SH:  0    Dex: 13    Spells: 3 memorised, 3 levels left

rFire  . . .     SeeInvis .     j - +0 long sword
rCold  . . .     Clarity  .     a - +0 robe
rNeg   . . .     SustAb   .     (no shield)
rPois  .         Gourm    .     u - +1 helmet
rElec  .         Spirit   .     (no cloak)
rCorr  .         Warding  .     (no gloves)
rMut   .         Rnd*Tele +     (no boots)
MR     .....                    (no amulet)
Stlth  ++........               (no ring)
                                s - ring of teleportation (curse)

@: not resistant to hostile enchantments, unstealthy
A: hooves 1, demonic guardian 1, powered by death 1, wild magic 1
a: Evoke Teleportation


You were on level 4 of the Dungeon.
You were very hungry.

You visited 1 branch of the dungeon, and saw 4 of its levels.

You collected 199 gold pieces.

Inventory:

Hand weapons
 d - a +0 blowgun
 j - a +0 long sword (weapon)
 m - a +1 dagger
Missiles
 i - 8 curare-tipped needles
Armour
 a - a +0 robe (worn)
 u - a +1 helmet (worn)
Jewellery
 s - a cursed ring of teleportation (left hand)
Potions
 e - a potion of restore abilities {unknown}
 h - a potion of curing {unknown}
 k - a potion of mutation {unknown}
 n - a potion of cancellation {unknown}
 o - a potion of haste {unknown}
Books
 b - a book of Necromancy

   Spells                             Type                      Level
   a - Pain                           Necromancy                   1
   b - Animate Skeleton               Necromancy                   1
   c - Vampiric Draining              Necromancy                   3
   d - Regeneration                   Charms/Necromancy            3
   e - Animate Dead                   Necromancy                   4
   f - Control Undead                 Necromancy                   4
Comestibles
 c - 3 bread rations
 f - 2 meat rations
 g - 2 beef jerkies
 q - 2 fruits


   Skills:
 - Level 1.7 Dodging
 - Level 1.7 Stealth
 - Level 3.0 Spellcasting
 * Level 6.1 Necromancy


You had 3 spell levels left.
You knew the following spells:

 Your Spells              Type           Power        Failure   Level  Hunger
a - Pain                  Necr           ####         4%          1    None
b - Animate Skeleton      Necr           N/A          4%          1    None
c - Animate Dead          Necr           N/A          30%         4    ####...


Dungeon Overview and Level Annotations

Branches:
Dungeon (4/15)
 Temple: D:4-7

Altars:
Cheibriados
Makhleb
Sif Muna
Trog


Innate Abilities, Weirdness & Mutations

You have large cloven feet.
A weak demonic guardian rushes to your aid.
You can steal the life force of nearby defeated enemies.
Your spells are a little harder to cast, but a little more powerful.


Message History

Cornered, the orc turns to fight!
You closely miss something. Something completely misses you.
You hear some strange, mumbled words.
The magic dart hits you!
You hit something. You kick something. Something hits you but does no damage.
Something hits you but does no damage.
You miss something. Something hits you. Something hits you but does no damage.
The orc priest gibbers meaninglessly.
You miss something. Something hits you.
* * * LOW HITPOINT WARNING * * *
Something hits you but does no damage.
You barely miss something.
The orc priest seems to regain its courage.
Something completely misses you.
You closely miss something. Your kick misses something. Something hits you.
* * * LOW HITPOINT WARNING * * *
Something hits you but does no damage. Something hits you.
* * * LOW HITPOINT WARNING * * *
You barely miss something. Something hits you.
You die...

..#
..#
#.#
#o#
#)#
#.#
#o#
#{#
#@#
#Z#
#5#
#.#
#.#
#.#
#.#
#.#
#.#


You could see an orc priest, an orc, a friendly quasit and a friendly kobold
zombie.

Vanquished Creatures
  5 adders
  A giant gecko (D:1)
  An ooze (D:2)
  2 orcs
  3 ball pythons
  5 bats
  2 giant cockroaches
  6 goblins
  4 hobgoblins
  6 kobolds
  A quokka (D:3)
  A giant newt (D:2)
  3 rats
40 creatures vanquished.

Vanquished Creatures (collateral kills)
  2 adders (D:2)
  3 worms
  3 orcs
  A bat (D:2)
  3 hobgoblins
  A giant newt (D:3)
  A kobold (D:3)
  2 rats (D:3)
16 creatures vanquished.

Vanquished Creatures (others)
  A quasit (D:4)
  An adder skeleton (D:2)
  An orc zombie (D:4)
  A rat skeleton (D:2)
4 creatures vanquished.

Grand Total: 60 creatures vanquished

Notes
Turn   | Place    | Note
--------------------------------------------------------------
     0 | D:1      | adozu, the Demonspawn Necromancer, began the quest for the Orb.
     0 | D:1      | Reached XP level 1. HP: 13/13 MP: 3/3
   299 | D:1      | Gained mutation: A weak demonic guardian rushes to your aid. [demonic ancestry]
   299 | D:1      | Reached XP level 2. HP: 17/19 MP: 1/4
   529 | D:1      | Reached skill level 5 in Necromancy
   733 | D:1      | Learned a level 1 spell: Animate Skeleton
  1144 | D:2      | Gained mutation: You have large cloven feet. [demonic ancestry]
  1144 | D:2      | Reached XP level 3. HP: 21/24 MP: 1/6
  1639 | D:2      | Found a deep blue altar of Sif Muna.
  2005 | D:2      | Gained mutation: You can steal the life force of nearby defeated enemies. [demonic ancestry]
  2005 | D:2      | Reached XP level 4. HP: 26/30 MP: 4/8
  2254 | D:2      | Learned a level 4 spell: Animate Dead
  2439 | D:3      | Found a burning altar of Makhleb.
  2866 | D:3      | Reached skill level 6 in Necromancy
  3072 | D:3      | Found a snail-covered altar of Cheibriados.
  3195 | D:3      | Gained mutation: Your spells are a little harder to cast, but a little more powerful. [potion of beneficial mutation]
  3242 | D:4      | Found a bloodstained altar of Trog.
  3273 | D:4      | Slain by an orc wizard

Action                   |  1- 3 |  4- 6 || total
-------------------------+-------+-------++-------
Melee: Unarmed           |    25 |       ||    25
       Dagger            |    45 |    54 ||    99
       Long sword        |       |    20 ||    20
 Cast: Pain              |    37 |    11 ||    48
       Animate Skeleton  |     2 |     3 ||     5
       Animate Dead      |       |     2 ||     2
  Use: Scroll            |       |    10 ||    10
       Potion            |       |     2 ||     2
 Stab: Sleeping          |     1 |     3 ||     4
       Distracted        |     1 |     1 ||     2
  Eat: Chunk             |     4 |     3 ||     7
